 Seeded DCSS version 0.29-a0-284-gf9362112df (webtiles) character file.

Game seed: 16843268196263206613 (custom seed)

14 gzilladon the Chopper (level 2, -6/27 HPs)
             Began as a Hill Orc Monk on Mar 31, 2022.
             Mangled by a worm (7 damage)
             ... on level 2 of the Dungeon.
             The game lasted 00:01:35 (889 turns).

gzilladon the Chopper (Hill Orc Monk)                Turns: 889, Time: 00:01:36

Health: -6/27      AC:  8    Str: 13    XL:     2   Next: 45%
Magic:  2/2        EV:  6    Int: 10    God:
Gold:   25         SH:  0    Dex: 13    Spells: 1/1 levels left

rFire   . . .      SeeInvis .   a - +0 hand axe
rCold   . . .      Faith    .   (no shield)
rNeg    . . .      Spirit   .   e - +0 chain mail
rPois   .          Reflect  .   (no helmet)
rElec   .          Harm     .   (no cloak)
rCorr   .          Rampage  .   (no gloves)
Will    .....                   (no boots)
Stlth   ..........              (no amulet)
HPRegen 0.09/turn               (no ring)
MPRegen 0.08/turn               (no ring)

@: no status effects
A: no striking features
a: no special abilities


You were on level 2 of the Dungeon.
You visited 1 branch of the dungeon, and saw 2 of its levels.

You collected 25 gold pieces.

Inventory:

Hand Weapons
 a - a +0 hand axe (weapon)
Missiles
 h - 5 stones (quivered)
Armour
 b - a +0 robe
 e - a +0 chain mail (worn)
Magical Staves
 g - a staff of earth
Scrolls
 d - a scroll of noise {unknown}
 i - a scroll of torment {unknown}
 j - a scroll of silence {unknown}
Potions
 c - a potion of ambrosia
 f - a potion of lignification {unknown}


   Skills:
 + Level 3.8 Fighting
 * Level 4.5 Axes
 + Level 0.2 Armour
 + Level 2.6 Dodging
 - Level 1.5 Stealth


You had one spell level left.
You didn't know any spells.
Your spell library was empty.

Dungeon Overview and Level Annotations

Branches:
Dungeon (2/15)

Altars:


Message History

The quokka barely misses you.
You hit the quokka.
You kill the quokka!
Found a stone staircase leading down.
A worm comes into view.
Found 8 gold pieces.
You hit the worm but do no damage. The worm bites you.
You hit the worm.
The worm is lightly wounded.
The worm bites you!
You hit the worm.
The worm is moderately wounded.
You hit the worm.
The worm is heavily wounded.
The worm bites you.
You barely miss the worm.
The worm is moderately wounded.
The worm bites you.
* * * LOW HITPOINT WARNING * * *
You hit the worm but do no damage.
The worm is moderately wounded.
You hit the worm.
The worm is heavily wounded.
The worm bites you but does no damage.
You hit the worm.
The worm is heavily wounded.
The worm bites you.
* * * LOW HITPOINT WARNING * * *
You hit the worm.
The worm is heavily wounded.
You hit the worm.
The worm is severely wounded.
The worm bites you.
* * * LOW HITPOINT WARNING * * *
You hit the worm.
The worm is almost dead.
You hit the worm but do no damage.
The worm is almost dead.
The worm bites you!
You die...

#.......# ≈≈.
####.##.##.### #.#
.............# ..#
.##..#..###..# #.#
.##.....# ......#
.##.....#
.###.#####..
....##.#...#.#
#...$...#
..###.###....###.####
.....# #.###..@w..#
.####.# ## #.#.##.#
†# #......# .##
#....#.# ..# #..#.#.#
..# #..#>#.# ..#
#......# .## ##.....#
## ###.###


You could see a worm.

Vanquished Creatures
  2 endoplasms (D:1)
  A giant cockroach (D:2)
  3 goblins
  A hobgoblin (D:1)
  A quokka (D:2)
  2 ball pythons
  A bat (D:1)
  A kobold (D:1)
  A rat (D:2)
13 creatures vanquished.

Notes
Turn   | Place    | Note
-------+----------+-------------------------------------------
     0 | D:1      | gzilladon the Hill Orc Monk began the quest for the Orb.
     0 | D:1      | Reached XP level 1. HP: 19/19 MP: 1/1
   493 | D:1      | Reached XP level 2. HP: 20/27 MP: 2/2
   887 | D:2      | HP: 1/27 [worm (5)]
   889 | D:2      | Mangled by a worm

Illustrated notes

Levels and vault maps discovered:
D:1:      heliophobic_arrival_henge, layout_basic, hex_intersection
D:2:      layout_loops_cross, hellmonk_ecumenical_altar_watching_god,
          chequers_serial_rivers_small_b, st_stairs_4, kennysheep_pointless_box

Action                   || total
-------------------------++-------
Melee: Hand axe          ||    65
Armor: Chain mail        ||    26
       Robe              ||     7
Dodge: Dodged            ||    18

Table legend: (Time is in decaauts)
 A = Elapsed time spent in this place.
 B = Non-inter-level travel time spent in this place.
 C = Inter-level travel time spent in this place.
 D = Time resting spent in this place.
 E = Time spent auto-exploring this place.
 F = Levels seen in this place.
 G = Mean time per level.
                   A        B        C        D        E       F      G
               +--------+--------+--------+--------+--------+-----+--------+
         Total |    894 |    890 |      4 |    443 |      0 |   2 |  447.0 |
       Dungeon |    894 |    890 |      4 |    443 |      0 |   2 |  447.0 |
               +--------+--------+--------+--------+--------+-----+--------+

Top non-repeatable levels by time:
     D:1: 675 daAuts
     D:2: 219 daAuts
